 Dungeon Crawl Stone Soup version 0.31.0-32-g396128a36d (webtiles) character file.

Game seed: 609396267941641609

12 NingBingBong the Caller (level 2, 13/13 HPs)
             Began as a Felid Summoner on Apr 4, 2024.
             Quit the game on level 1 of the Dungeon.
             The game lasted 00:01:46 (323 turns).

NingBingBong the Caller (Felid Summoner)             Turns: 323, Time: 00:01:46

Health: 13/13      AC:  1    Str:  4    XL:     2   Next: 20%
Magic:  6/6        EV: 17    Int: 18    God:
Gold:   34         SH:  0    Dex: 16    Spells: 2/5 levels left
                                        Lives:  0   Deaths: 1

rFire   . . .        (weapon unavailable)
rCold   . . .        (shield unavailable)
rNeg    . . .        (body armour unavailable)
rPois   .            (helmet unavailable)
rElec   .            (cloak unavailable)
rCorr   .            (gloves unavailable)
SInv    +            (boots unavailable)
Will    .....        (no amulet)
Stlth   ++           (no ring)
HPRegen 0.22/turn    (no ring)
MPRegen 0.10/turn

%: no passive effects
@: no status effects
A: very small, claws 1, fangs 3, see invisible, shaggy fur 1, stealthy paws, no
weapons or thrown items, no armour, multi-lived
a: no special abilities


You were on level 1 of the Dungeon.
You visited 1 branch of the dungeon, and saw 1 of its levels.

You collected 34 gold pieces.

Inventory:

Scrolls
 d - a scroll of identify {unknown}
Potions
 a - a potion of magic
 b - a potion of degeneration
 c - a potion of lignification {unknown}
 e - a potion of heal wounds {unknown}


   Skills:
 - Level 2.6 Dodging
 - Level 2.6 Stealth
 + Level 2.4 Spellcasting
 + Level 4.3 Summonings


You had 2 spell levels left.
You knew the following spells:

 Your Spells              Type           Power      Damage    Failure   Level
a - Summon Small Mammal   Summ           68%        N/A       3%          1
b - Call Imp              Summ           34%        N/A       4%          2

Your spell library contained the following spells:

 Spells                   Type           Power      Damage    Failure   Level
 Call Canine Familiar     Summ           17%        N/A       9%          3
 Summon Blazeheart Golem  Fire/Summ      9%         N/A       56%         4
 Summon Lightning Spire   Summ/Air       9%         N/A       56%         4


Dungeon Overview and Level Annotations

Branches:
Dungeon (1/15)

Altars:


Innate Abilities, Weirdness & Mutations

You have sharp claws.
You have razor-sharp teeth.
You have supernaturally acute eyesight. (SInv)
You are covered in fur. (AC +1)
Your paws help you pounce on unaware monsters.
You are incapable of wielding weapons or throwing items.
You cannot wear armour.
You gain extra lives every three experience levels.


Message History

You don't have enough magic to cast this spell.
Your bat hits the jackal but does no damage.
The jackal attacks as it pursues you!
The jackal bites you but does no damage.
The jackal completely misses your bat.
Your cerulean imp barely misses the jackal.
The jackal misses you. The quokka closely misses you.
An endoplasm comes into view.
The jackal attacks as it pursues you! The jackal misses you.
The jackal bites your bat. The jackal bites you.
* * * LOW HITPOINT WARNING * * *
Your bat misses the jackal.
The ball python bites your cerulean imp.
The ball python grabs your cerulean imp.
The ball python constricts your cerulean imp.
Your cerulean imp barely misses the ball python.
The jackal misses you. The jackal closely misses your bat.
The jackal bites your bat.
Your bat dies!
Your bat's corpse disappears in a puff of smoke!
The jackal barely misses you.
The jackal barks!
The ball python barely misses your cerulean imp.
The ball python constricts your cerulean imp.
The jackal attacks as it pursues you! The jackal closely misses you.
Your cerulean imp barely misses the ball python.
The jackal attacks as it pursues you! The jackal barely misses you.
The ball python barely misses your cerulean imp.
The ball python constricts your cerulean imp.
The jackal attacks as it pursues you! The jackal misses you.
Your cerulean imp struggles to escape constriction.
Something bites your cerulean imp but does no damage.
Your cerulean imp is constricted.
The jackal closely misses you. The jackal attacks as it pursues you!
The jackal misses you. The jackal attacks as it pursues you!
The jackal bites you.
You die...
You rejoin the land of the living...
Unknown command.
Are you sure you want to abandon this character and quit the game? (Confirm with "yes".)

#................#
########................#.
#.........................
#.#.####.................#
#.......................##
#.......#<..............#
#≈...§..##.............##
#≈§§..§.........#.....##
#§§.§≈§..@.#....#######
#≈≈≈§§§≈§§§..#.##
#≈≈§§≈≈≈§§§....#
#≈≈≈≈≈≈≈≈≈≈..#.#
#≈≈≈≈≈≈§§≈≈....#
#≈≈≈≈§≈≈≈§≈§..##
#§§≈≈§≈§§§≈§..#
≈§§≈§≈≈≈§≈...# ≈≈≈≈≈≈§≈.##


There were no monsters in sight!

Vanquished Creatures
  A ball python (D:1)
  A rat (D:1)
2 creatures vanquished.

Vanquished Creatures (collateral kills)
  A dart slug (D:1)
  2 endoplasms (D:1)
  A jackal (D:1)
  A kobold (D:1)
  A quokka (D:1)
  A bat (D:1)
  A frilled lizard (D:1)
8 creatures vanquished.

Grand Total: 10 creatures vanquished

Notes
Turn   | Place    | Note
-------+----------+-------------------------------------------
     0 | D:1      | NingBingBong the Felid Summoner began the quest for the
                  | Orb.
     0 | D:1      | Reached XP level 1. HP: 9/9 MP: 4/4
   176 | D:1      | Reached XP level 2. HP: 13/13 MP: 6/6
   185 | D:1      | Learned a level 2 spell: Call Imp
   322 | D:1      | Slain by a jackal
   322 | D:1      | Lost a life (0 lives remaining)
   323 | D:1      | Quit the game

Illustrated notes

Levels and vault maps discovered:
D:1:      dpeg_arrival_lava_altar, layout_rooms

Action                     || total
---------------------------++-------
  Melee: Unarmed           ||     3
   Cast: Summon Small Mamm ||    12
         Call Imp          ||     3
    Use: Potion            ||     1
 Armour: Skin              ||    13
  Dodge: Dodged            ||    47
